 Dungeon Crawl Stone Soup version 0.25.1-2-g60ff931df9 (webtiles) character file.

Game seed: 10735055097363965379

214 axecop the Chopper (level 5, -3/41 HPs)
             Began as a Demonspawn Abyssal Knight on Oct 20, 2020.
             Was a Believer of Lugonu.
             Slain by Robin
             ... wielding a +0 mace
              (7 damage)
             ... on level 3 of the Dungeon.
             The game lasted 00:02:59 (3399 turns).

axecop the Chopper (Demonspawn Abyssal Knight)      Turns: 3399, Time: 00:02:59

Health: -3/41      AC:  3    Str: 14    XL:     5   Next: 59%
Magic:  4/6        EV: 11    Int: 13    God:    Lugonu [**....]
Gold:   139        SH:  0    Dex: 12    Spells: 4/4 levels left

rFire    . . .     SeeInvis .   a - +2 hand axe (vorpal)
rCold    . . .     Gourm    .   (no shield)
rNeg     . . .     Faith    .   b - +0 leather armour
rPois    .         Spirit   .   (helmet restricted)
rElec    .         Reflect  .   (no cloak)
rCorr    .         Harm     .   (no gloves)
MR       .....                  (no boots)
Stlth    +++.......             (no amulet)
HPRegen  0.13/turn              (no ring)
MPRegen  0.10/turn              (no ring)

@: lethally poisoned (-3 -> -4)
A: horns 1, nightstalker 2
a: Depart the Abyss, Bend Space, Renounce Religion


You were on level 3 of the Dungeon.
You worshipped Lugonu.
Lugonu was pleased with you.
You were not hungry.

You visited 1 branch of the dungeon, and saw 3 of its levels.
You visited the Abyss 1 time.

You collected 139 gold pieces.

Inventory:

Hand Weapons
 a - a +2 vorpal hand axe (weapon)
 r - a +1 hand axe
 u - a +0 flail
Missiles
 g - 84 stones (quivered)
 k - 46 arrows
 o - 5 silver javelins
Armour
 b - a +0 leather armour (worn)
 p - a +0 scale mail
 t - a +0 buckler
Scrolls
 e - 2 scrolls of random uselessness {unknown}
 f - a scroll of noise {unknown}
 h - a scroll of magic mapping {unknown}
 i - a scroll of enchant armour {unknown}
 m - a scroll of remove curse {unknown}
Potions
 d - 3 potions of brilliance
 j - 3 potions of heal wounds
 l - a potion of stabbing {unknown}
 n - a potion of cancellation {unknown}
 q - 2 potions of flight
Comestibles
 c - 6 rations
 s - 2 chunks of flesh


   Skills:
 + Level 3.0 Fighting
 * Level 5.2 Axes
 + Level 2.0 Armour
 - Level 0.8 Dodging
 + Level 2.5 Invocations


You had 4 spell levels left.
You didn't know any spells.
Your spell library was empty.

Dungeon Overview and Level Annotations

Branches:
Dungeon (3/15)

Altars:
Dithmenos
Fedhas

Annotations:
D:3 exclusion: oklob plant, Robin


Innate Abilities, Weirdness & Mutations

You have a pair of small horns on your head.
You are significantly more attuned to the shadows.


Message History

You hit the goblin. Robin barely misses you. The goblin closely misses you.
Robin barely misses you.
Unknown command.
You closely miss Robin.
Robin is moderately wounded.
You hit the goblin.
You kill the goblin!
Lugonu accepts your kill.
Your Armour skill increases to level 2!
Robin hits you with a +0 mace!
* * * LOW HITPOINT WARNING * * *
You hit Robin. You headbutt Robin.
Robin is almost dead.
You feel sick. Robin hits you with a +0 mace.
* * * LOW HITPOINT WARNING * * *
Unknown command.
Unknown command.
Unknown command.
Space bends around you!
You blink.
Robin hits you with a +0 mace!
You die...

#.#..........####...##########
#.#..........# .....
#.#.#.###.#### #..##
####.#.#.# #.# ... ...#.#...#
#.#. ....# ##.#.#######.#.
....# ..)........#.#.####....#
#..#.#####.#.#....)....#
#.##.## #.#).@...#..#..
#.....# #..)g))..#.....
#..#### ....))ยง......... #..#
.....))......... ...#
....#####....... #..# ....
...#....... ...# ....
#.#...)... ##.##### #....(....
........ ###.###..#


You could see Robin (fast).

Vanquished Creatures
  An ogre (D:3)
  Terence (D:3)
  3 adders
  2 oozes
  An adder skeleton (D:2)
  A dart slug (D:1)
  4 leopard geckos
  An orc (D:3)
  A ball python (D:1)
  A giant cockroach (D:3)
  13 goblins
  8 hobgoblins
  3 jackals (D:1)
  2 quokkas (D:3)
  3 bats (D:1)
  10 kobolds
  A quokka skeleton (D:2)
  6 rats
62 creatures vanquished.

Vanquished Creatures (others)
  10 toadstools (D:3)
10 creatures vanquished.

Grand Total: 72 creatures vanquished

Notes
Turn   | Place    | Note
-------+----------+-------------------------------------------
     0 | Abyss:1  | axecop the Demonspawn Abyssal Knight began the quest for
                  | the Orb.
     0 | Abyss:1  | Reached XP level 1. HP: 18/18 MP: 2/2
    26 | Abyss:1  | Noticed an ancient zyme
    42 | D:1      | Escaped the Abyss
   278 | D:1      | Reached skill level 2 in Axes
   449 | D:1      | Gained mutation: You are slightly more attuned to the
                  | shadows. [demonic ancestry]
   449 | D:1      | Reached XP level 2. HP: 21/24 MP: 3/3
   494 | D:1      | Reached * piety under Lugonu
   724 | D:1      | Reached skill level 3 in Axes
   970 | D:1      | Reached XP level 3. HP: 29/29 MP: 4/4
  2013 | D:2      | Found a shadowy altar of Dithmenos.
  2356 | D:2      | Reached skill level 4 in Axes
  2356 | D:2      | Gained mutation: You have a pair of small horns on your
                  | head. [demonic ancestry]
  2356 | D:2      | Reached XP level 4. HP: 17/35 MP: 5/5
  2357 | D:2      | Reached ** piety under Lugonu
  2854 | D:3      | Noticed an ogre
  2860 | D:3      | Killed an ogre
  2860 | D:3      | Gained mutation: You are significantly more attuned to the
                  | shadows. [demonic ancestry]
  2860 | D:3      | Reached XP level 5. HP: 40/41 MP: 6/6
  2926 | D:3      | Noticed Terence
  2940 | D:3      | Killed Terence
  2940 | D:3      | Reached skill level 5 in Axes
  3256 | D:3      | Found a blossoming altar of Fedhas.
  3280 | D:3      | Noticed an oklob plant
  3388 | D:3      | Noticed Robin
  3399 | D:3      | Slain by Robin

Illustrated notes

Levels and vault maps discovered:
D:1:      dpeg_arrival_stone_temple_mockup, layout_basic, minmay_misc_feat_chi,
          hangedman_decor_diamond_cutter
D:2:      layout_basic, nicolae_dithmenos_through_a_glass_darkly, serial_undead,
          serial_undead_d, serial_undead_b, serial_undead_c, serial_undead_e,
          uniq_jessica
D:3:      layout_basic, tgw_fedhas, first_ration, uniq_terence, uniq_robin

Skill      XL: |  1  2  3  4  5 |
---------------+----------------+-----
Axes           | 2 3 4 5 |  5.2
Armour         | 2 |  2.0
Fighting       | |  3.0
Dodging        | |  0.8
Invocations    | |  2.5

Action                   |  1- 3 |  4- 6 || total
-------------------------+-------+-------++-------
Melee: Hand axe          |   118 |    48 ||   166
       Headbutt          |       |     5 ||     5
Invok: Depart the Abyss  |     1 |       ||     1
       Bend Space        |       |     3 ||     3
  Use: Potion            |     1 |     1 ||     2
       Scroll            |       |     4 ||     4
 Stab: Sleeping          |     3 |     1 ||     4
  Eat: Chunk             |     3 |     5 ||     8
Armor: Leather armour    |    34 |    14 ||    48
Dodge: Dodged            |    90 |    31 ||   121
